 Dungeon Crawl Stone Soup version 0.21.0-24-g2553a33 (webtiles) character file.

52430 theElss the Bludgeoner (level 14, -11/141 HPs)
             Began as a Gargoyle Berserker on Jan 19, 2018.
             Was a High Priest of Trog.
             Mangled by a hog (12 damage)
             ... led by Kirke
             ... on level 5 of the Lair of Beasts.
             The game lasted 01:06:36 (18035 turns).

theElss the Bludgeoner (Gargoyle Berserker)        Turns: 18035, Time: 01:06:37

Health: -11/141    AC:  0    Str: 31    XL:     14   Next: 64%
Magic:  0/14       EV: 17    Int:  8    God:    Trog [*****.]
Gold:   1167       SH:  0    Dex:  9    Spells: 13/13 levels left

rFire    . . .     SeeInvis .   (weapon currently unavailable)
rCold    . . .     Gourm    .   (shield currently unavailable)
rNeg     + . .     Faith    .   (armour currently unavailable)
rPois    ∞         Spirit   +   (helmet currently unavailable)
rElec    .         Reflect  .   (cloak currently unavailable)
rCorr    .         Harm     .   (gloves currently unavailable)
MR       +....                  (boots currently unavailable)
Stlth    ..........             D - amulet of guardian spirit
HPRegen  0.33/turn              (ring currently unavailable)
MPRegen  0.14/turn              (ring currently unavailable)

@: berserking, pig-form, flying, studying Fighting, very quick
A: small, negative energy resistance 1, petrification resistance, rot immunity,
AC +10
a: Berserk, Trog's Hand, Brothers in Arms, Burn Spellbooks, Renounce Religion


You were on level 5 of the Lair of Beasts.
You worshipped Trog.
Trog was extremely pleased with you.
You were very hungry.
You were a filthy swine.
You visited 2 branches of the dungeon, and saw 16 of its levels.
You also visited: Labyrinth and Volcano.

You collected 1167 gold pieces.

Inventory:

Hand Weapons
 y - a +6 dire flail of holy wrath
 N - a +6 flail of crushing
 U - the +10 morningstar "Eos" (melded) {elec, Halo rElec}
   (You found it in a labyrinth)

   Occasionally, upon striking a foe, it will discharge some electrical energy
   and cause terrible harm.
   It insulates you from electricity.
 V - the +8 dagger of Ucenugat {pierce, +Blink +Inv rF+++ rC-, unknown}
   (You took it off a minotaur in a labyrinth)

   It inflicts extra damage upon your enemies.
   It renders you almost immune to fire.
   It makes you vulnerable to cold.
   It lets you turn invisible.
   It lets you blink.
Armour
 f - a +0 pair of gloves (melded)
 g - a +0 buckler (melded)
 v - a +2 ring mail of fire resistance
 z - a +0 helmet (melded)
 A - the +1 scale mail of Freedom (melded) {Dex+4}
   (You found it on level 4 of the Dungeon)

   It affects your dexterity (+4).
 C - a +0 plate armour
 E - a +0 large shield
 S - a +0 cloak of fire resistance (melded)
Jewellery
 d - an uncursed ring of ice
 w - a ring of see invisible (melded)
 D - an amulet of guardian spirit (around neck)
Wands
 b - a wand of polymorph (15)
 B - a wand of clouds (6)
 J - a wand of enslavement (15)
 Z - a wand of random effects (44)
Scrolls
 a - a scroll of holy word {unknown}
 i - 11 scrolls of remove curse
 k - 2 scrolls of teleportation
 p - a scroll of identify
 s - 2 scrolls of enchant armour
 t - a scroll of blinking {unknown}
 P - a scroll of brand weapon {unknown}
 Q - a scroll of random uselessness {unknown}
 R - a scroll of summoning {unknown}
Potions
 e - 4 potions of brilliance
 h - 4 potions of might {unknown}
 j - 3 potions of flight
 l - 2 potions of magic
 n - a potion of agility {unknown}
 o - 5 potions of haste
 q - a potion of ambrosia {unknown}
 r - 5 potions of berserk rage
 x - 3 potions of curing
 F - 2 potions of heal wounds
 K - 2 potions of degeneration {unknown}
 L - a potion of cancellation {unknown}
 O - a potion of resistance
Books
 G - a book of Transfigurations

   Spells                             Type                      Level
   a - Irradiate                      Conjuration/Transmutation    5
   b - Statue Form                    Transmutation/Earth          6
   c - Hydra Form                     Transmutation                6
   d - Dragon Form                    Transmutation                7
   Trog disapproves of the use of such an item.
 H - a book of the Tempests

   Spells                             Type                      Level
   a - Static Discharge               Conjuration/Air              3
   b - Lightning Bolt                 Conjuration/Air              5
   c - Ignition                       Fire                         8
   d - Tornado                        Air                          9
   e - Shatter                        Earth                        9
   Trog disapproves of the use of such an item.
 I - a manual of Fighting
 M - a book of Conjurations

   Spells                             Type                      Level
   a - Magic Dart                     Conjuration                  1
   b - Searing Ray                    Conjuration                  2
   c - Dazzling Spray                 Conjuration/Hexes            3
   d - Fulminant Prism                Conjuration/Hexes            4
   e - Force Lance                    Conjuration/Translocation    4
   f - Iskenderun's Mystic Blast      Conjuration                  4
   Trog disapproves of the use of such an item.
 T - a Grand Grimoire

   Spells                             Type                      Level
   a - Monstrous Menagerie            Summoning                    7
   b - Summon Greater Demon           Summoning                    7
   c - Malign Gateway                 Summoning/Translocation      7
   d - Summon Horrible Things         Summoning                    8
   Trog disapproves of the use of such an item.
Miscellaneous
 X - a fan of gales
 Y - a lamp of fire
Comestibles
 c - 29 rations
 W - 19 chunks of flesh


   Skills:
 + Level 13.4 Fighting
 * Level 15.4 Maces & Flails
 + Level 10.9 Armour
 + Level 6.8 Dodging
 - Level 2.0 Stealth
 * Level 10.4 Shields


You had 13 spell levels left.
You didn't know any spells.

Dungeon Overview and Level Annotations

Branches:
Dungeon (12/15)            Temple (0/1) D:7            Lair (3/6) D:8
    Orc (0/2) D:9
  Swamp: Lair:2-4    Shoals: Lair:2-4     Snake: Lair:2-4    Spider: Lair:2-4

Altars:
Cheibriados
Dithmenos
Fedhas
Kikubaaqudgha
Makhleb
Nemelex Xobeh
Qazlal
Ru
Trog
Wu Jian
Xom
Zin

Shops:
D:4 (   D:9 (   D:10 =

Annotations:
D:10 exclusion: obsidian statue
Lair:1 exclusion: 2 oklob plants
Lair:5 Kirke


Innate Abilities, Weirdness & Mutations

You are resistant to torment.
((Your stone body is resilient. (AC +10)))
You are immune to poison.
((Your large and strong wings let you fly indefinitely.))
You resist negative energy. (rN+)
((You are resistant to electric shocks. (rElec)))
((You can survive without breathing.))
You are immune to petrification.
You are immune to rotting.


Message History

You bite Kirke!
Kirke is almost dead.
The hog closely misses you. The spiny frog stings you! The hog bites you!
The yak snorts and paws the ground.
The hog bites you! Kirke hits you!
Something gores the plant.
You hear a bellow!
Unknown command.
A red film seems to cover your vision as you go berserk!
You feel yourself moving faster!
You feel mighty!
You are feeling very hungry.
The hog bites you. The spiny frog stings you!!
* * * LOW HITPOINT WARNING * * *
The hog bites you!
* * * LOW HITPOINT WARNING * * *
The hog misses you. x2; Kirke hits you.
* * * LOW HITPOINT WARNING * * *
The hog barely misses you.
The yak gores the plant.
The spiny frog stings you!!
* * * LOW HITPOINT WARNING * * *
The hog bites you!
You die... .#P.. ♣♣...#. ##.#.. ..PPP

♣...... ##P...........
....... P#............
..P.... .<............
.Y.P...## #...........#P
.......Y###...........##
P.Y.P.@hF.#..###.. ##..#
YY..Phhh......#P..##....
P♣♣YPYhh##...###........
♣♣.#####....##........ ♣
##..###PPP##...
#..P#######....
##.^.###.##....
###.............
#..#..####.P.... #######
####...


You could see Kirke, 3 death yaks, a catoblepas, 3 yaks, a spiny frog and 5
hogs.

Vanquished Creatures
  Snorg (D:12)
  A fire dragon (Volcano)
  A minotaur (Lab)
  Josephine (D:11)
  3 hydras
  Fannar (D:12)
  2 centaur warriors (D:12)
  The ghost of Gorglomux the Skirmisher, a novice NaWn of Gozag (D:8)
  2 death knights (D:12)
  13 two-headed ogres
  Nergalle (Lair:1)
  2 unseen horrors
  A wizard (D:12)
  The ghost of Aviak the Cutter, a novice KoSk of Yredelemnul (D:6)
  Pikel (D:5)
  An ugly thing (D:12)
  A deep elf mage (D:10)
  A manticore (D:11)
  3 salamanders (Volcano)
  6 cyclopes
  A black mamba (Lair:3)
  7 spiny frogs
  A centaur skeleton (D:11)
  3 gargoyles
  3 komodo dragons
  A troll (D:12)
  11 slime creatures
  2 hornets
  5 blink frogs (Lair:5)
  4 hippogriffs
  Sigmund (D:2)
  A water elemental (D:12)
  4 wraiths (D:11)
  34 yaks
  3 wyverns (Volcano)
  6 fire bats (Volcano)
  5 hungry ghosts
  Grum (D:10)
  5 steam dragons
  5 vampire mosquitoes
  An acid dragon (D:12)
  Edmund (D:5)
  4 porcupines
  3 water moccasins
  10 orc warriors
  3 sky beasts
  A necrophage (D:11)
  An ice beast (D:11)
  A phantom (D:7)
  An eye of draining (D:11)
  A black bear (D:9)
  6 centaurs
  4 wolves (D:10)
  6 ogres
  13 crocodiles
  3 big kobolds
  14 bullfrogs
  3 wyvern zombies
  4 scorpions
  A wyvern skeleton (D:12)
  A water moccasin skeleton (D:6)
  18 killer bees
  8 wights
  3 howler monkeys
  4 electric eels
  3 bullfrog zombies
  10 crimson imps
  A centaur zombie (D:11)
  2 quasits
  4 jellies
  12 orc priests
  8 hounds
  3 bullfrog skeletons
  4 iguanas
  Terence (D:3)
  10 worker ants
  12 orc wizards
  A hound zombie (D:7)
  2 worker ant zombies
  Robin (D:3)
  14 adders
  3 gnolls (D:9)
  3 shadow imps
  3 adder skeletons
  4 worms
  3 dart slugs
  3 leopard geckos
  65 orcs
  7 bats
  3 giant cockroaches (D:2)
  19 goblins
  10 hobgoblins
  16 jackals
  12 kobolds
  3 quokkas
  3 frilled lizards
  A leopard gecko zombie (D:6)
  4 rats
  A plant (Volcano)
513 creatures vanquished.

Vanquished Creatures (others)
  A wyvern (Volcano)
  A howler monkey (D:5)
  An adder (D:5)
  3 orcs (D:12)
  6 fungi
  22 plants
34 creatures vanquished.

Grand Total: 547 creatures vanquished

Notes
Turn   | Place    | Note
-------+----------+-------------------------------------------
     0 | D:1      | theElss the Gargoyle Berserker began the quest for the Orb.
     0 | D:1      | Reached XP level 1. HP: 14/14 MP: 1/1
   209 | D:1      | Reached XP level 2. HP: 18/19 MP: 2/2
   919 | D:2      | Found a burning altar of Makhleb.
   919 | D:2      | Noticed a balrug
  1003 | D:2      | Noticed Sigmund
  1120 | D:2      | Killed Sigmund
  1120 | D:2      | Reached skill level 4 in Maces & Flails
  1120 | D:2      | Reached XP level 3. HP: 17/24 MP: 3/3
  1120 | D:2      | Reached XP level 4. HP: 22/30 MP: 4/4
  1120 | D:2      | Reached XP level 5. HP: 24/34 MP: 5/5
  1750 | D:3      | Noticed Terence
  1760 | D:3      | Killed Terence
  1760 | D:3      | Reached skill level 5 in Maces & Flails
  1760 | D:3      | Reached XP level 6. HP: 40/40 MP: 6/6
  1994 | D:3      | Reached ** piety under Trog
  2124 | D:3      | Reached skill level 5 in Fighting
  2161 | D:3      | Noticed Robin
  2183 | D:3      | Killed Robin
  2645 | D:3      | Found an ornate altar of the Wu Jian Council.
  2879 | D:4      | Reached XP level 7. HP: 44/44 MP: 7/7
  2919 | D:4      | Got a smoking scale mail
  2998 | D:4      | Identified the +1 scale mail of Freedom {Dex+4} (You found it on level 4 of the Dungeon)
  3021 | D:4      | Reached skill level 6 in Maces & Flails
  3053 | D:4      | Found a stormy altar of Qazlal.
  3090 | D:4      | Reached *** piety under Trog
  3271 | D:4      | Found Qudetur's Weapon Boutique.
  3324 | D:4      | Found a sparkling altar of Nemelex Xobeh.
  3904 | D:5      | Entered Level 5 of the Dungeon
  3927 | D:5      | Reached skill level 7 in Maces & Flails
  3927 | D:5      | Reached skill level 1 in Stealth
  3952 | D:5      | Found a glowing silver altar of Zin.
  3981 | D:5      | Reached XP level 8. HP: 17/49 MP: 8/8
  4197 | D:5      | Found a shadowy altar of Dithmenos.
  4284 | D:5      | Noticed Pikel
  4297 | D:5      | Killed Pikel
  4320 | D:5      | Reached skill level 5 in Armour
  4339 | D:5      | Noticed Edmund
  4364 | D:5      | Killed Edmund
  4364 | D:5      | Reached skill level 8 in Maces & Flails
  4713 | D:5      | Reached XP level 9. HP: 52/55 MP: 9/9
  4719 | D:5      | Found a snail-covered altar of Cheibriados.
  4803 | D:5      | Found a sacrificial altar of Ru.
  4820 | D:5      | Found a shimmering altar of Xom.
  5037 | D:6      | Reached **** piety under Trog
  5380 | D:6      | Reached skill level 9 in Maces & Flails
  5485 | D:6      | Found a bloodstained altar of Trog.
  5630 | D:6      | Noticed Aviak's ghost (novice KoSk)
  5649 | D:6      | Killed Aviak's ghost
  5865 | D:7      | Reached skill level 10 in Maces & Flails
  6030 | D:7      | Reached ***** piety under Trog
  6030 | D:7      | Reached XP level 10. HP: 63/63 MP: 10/10
  6040 | D:7      | Found a staircase to the Ecumenical Temple.
  6133 | D:7      | Found an ancient bone altar of Kikubaaqudgha.
  6305 | D:7      | Reached skill level 1 in Shields
  6581 | D:8      | Noticed a two-headed ogre
  6585 | D:8      | Killed a two-headed ogre
  6655 | D:8      | Reached skill level 11 in Maces & Flails
  6724 | D:8      | Noticed Gorglomux's ghost (novice NaWn)
  6738 | D:8      | Killed Gorglomux's ghost
  6830 | D:8      | Found a sparkling altar of Nemelex Xobeh.
  7052 | D:8      | Noticed a two-headed ogre
  7061 | D:8      | Killed a two-headed ogre
  7062 | D:8      | Reached XP level 11. HP: 50/68 MP: 11/11
  7164 | D:8      | Found a staircase to the Lair.
  7190 | D:8      | Noticed a two-headed ogre
  7200 | D:8      | Killed a two-headed ogre
  7200 | D:8      | Reached skill level 12 in Maces & Flails
  7323 | D:8      | Noticed a two-headed ogre
  7328 | D:8      | Killed a two-headed ogre
  7524 | D:8      | Found a bloodstained altar of Trog.
  7632 | D:9      | You fall through a shaft for 2 floors!
  7658 | D:11     | Reached skill level 5 in Shields
  7771 | D:11     | Found a blossoming altar of Fedhas.
  7782 | D:11     | Noticed a cyclops
  7800 | D:11     | Killed a cyclops
  7992 | D:11     | Noticed Josephine
  8012 | D:11     | Killed Josephine
  8191 | D:11     | Reached skill level 13 in Maces & Flails
  8473 | D:10     | Entered Level 10 of the Dungeon
  8531 | D:10     | Noticed a two-headed ogre
  8550 | D:10     | Killed a two-headed ogre
  8550 | D:10     | Reached XP level 12. HP: 64/76 MP: 12/12
  8560 | D:10     | Received a gift from Trog
  8646 | D:10     | Found a blossoming altar of Fedhas.
  9422 | D:10     | Reached skill level 10 in Fighting
  9579 | D:10     | Noticed Grum
  9604 | D:10     | Killed Grum
  9624 | D:10     | Found Ozeakale's Jewellery Shoppe.
  9665 | D:10     | Noticed a two-headed ogre
  9671 | D:10     | Killed a two-headed ogre
  9671 | D:10     | Reached skill level 5 in Dodging
 10411 | D:9      | Reached skill level 14 in Maces & Flails
 10479 | D:9      | Received a gift from Trog
 10656 | D:9      | Found Pahoal's Weapon Boutique.
 10659 | D:9      | Found a staircase to the Orcish Mines.
 11070 | D:9      | Noticed a two-headed ogre
 11089 | D:9      | Killed a two-headed ogre
 11425 | D:12     | Noticed a centaur warrior
 11568 | D:12     | Noticed a two-headed ogre
 11584 | D:11     | Killed a two-headed ogre
 11584 | D:11     | Reached XP level 13. HP: 50/84 MP: 6/13
 11864 | D:12     | Noticed Fannar
 11877 | D:12     | Killed Fannar
 11897 | D:12     | Received a gift from Trog
 12023 | D:12     | Noticed Snorg
 12038 | D:12     | Killed Snorg
 13899 | D:12     | Reached skill level 10 in Armour
 14362 | Lair:1   | Entered Level 1 of the Lair of Beasts
 14436 | Lair:1   | Found a dark tunnel.
 14446 | Volcano  | Entered a volcano
 14757 | Volcano  | Received a gift from Trog
 14757 | Volcano  | Gained mutation: Your large and strong wings let you fly indefinitely. [Gargoyle growth]
 14757 | Volcano  | Reached XP level 14. HP: 90/92 MP: 14/14
 14789 | Volcano  | Reached skill level 15 in Maces & Flails
 15207 | Volcano  | Reached ****** piety under Trog
 16034 | Lair:1   | Reached skill level 10 in Shields
 16217 | Lair:1   | Noticed Nergalle
 16232 | Lair:1   | Killed Nergalle
 16835 | Lair:2   | Found a labyrinth entrance.
 16848 | Lab      | Entered a labyrinth
 16999 | Lab      | Found the +10 morningstar "Eos" {elec, Halo rElec}
 17000 | Lab      | Got a shimmering dagger {pierce}
 17896 | Lair:3   | You are sucked into a shaft for 2 floors!
 18026 | Lair:5   | Noticed Kirke
 18035 | Lair:5   | HP: 1/141 [spiny frog (17)]
 18035 | Lair:5   | Mangled by a hog

Skill      XL: |  1  2  3  4  5  6  7  8  9 10 11 12 13 14 |
---------------+-------------------------------------------+-----
Fighting       | 4 5 6 7 8 9 11 12 13 | 13.4
Maces & Flails | 4 5 7 8 10 11 13 14 15 | 15.4
Dodging        | 2 3 4 5 6 |  6.8
Armour         | 3 5 6 7 8 9 10 | 10.9
Stealth        | 1 2 |  2.0
Shields        | 3 6 8 9 10 | 10.4

Action                   |  1- 3 |  4- 6 |  7- 9 | 10-12 | 13-15 || total
-------------------------+-------+-------+-------+-------+-------++-------
Melee: Mace              |    52 |       |       |       |       ||    52
       Whip              |     8 |    59 |    73 |       |       ||   140
       Flail             |       |   139 |    59 |   125 |   549 ||   872
       Dire flail        |       |       |   169 |   573 |       ||   742
       Morningstar       |       |       |       |       |    70 ||    70
       Unarmed           |       |       |       |       |     1 ||     1
Invok: Berserk           |     1 |     2 |     3 |     5 |     8 ||    19
       Trog's Hand       |       |       |     2 |     2 |     3 ||     7
 Abil: Fly               |       |       |       |       |     1 ||     1
  Use: Scroll            |       |       |       |     8 |     3 ||    11
  Eat: Chunk             |     1 |     8 |    14 |    22 |    28 ||    73
       Ration            |       |       |       |     1 |     1 ||     2
Armor: Animal skin       |    25 |     9 |       |       |       ||    34
       Ring mail         |       |    78 |     1 |       |       ||    79
       Scale mail        |       |       |   155 |   438 |   267 ||   860
Dodge: Dodged            |    38 |   108 |   153 |   405 |   302 ||  1006
Block: Buckler           |       |       |       |       |     3 ||     3
